 Dungeon Crawl Stone Soup version 0.25.1-2-g60ff931df9 (webtiles) character file.

Game seed: 7319851194148946323

39 H0rd4k the Charlatan (level 3, 0/26 HPs)
             Began as a Human Artificer on Sept 29, 2020.
             Succumbed to an adder's poison
             ... on level 2 of the Dungeon.
             The game lasted 00:01:13 (1237 turns).

H0rd4k the Charlatan (Human Artificer)              Turns: 1237, Time: 00:01:14

Health: 0/26       AC:  3    Str: 10 (13) XL:     3   Next: 70%
Magic:  5/5        EV: 12    Int:  7 (9)  God:
Gold:   24         SH:  0    Dex: 10 (13) Spells: 2/2 levels left

rFire    . . .     SeeInvis .   a - +0 short sword
rCold    . . .     Gourm    .   (no shield)
rNeg     . . .     Faith    .   b - +0 leather armour
rPois    +         Spirit   .   (no helmet)
rElec    .         Reflect  .   (no cloak)
rCorr    .         Harm     .   (no gloves)
MR       .....                  (no boots)
Stlth    +.........             (no amulet)
HPRegen  0.08/turn              (no ring)
MPRegen  0.09/turn              (no ring)

@: brilliant, lethally poisoned (0 -> -4), stab
A: deterioration 1, dopey 1, poison resistance, sturdy frame 1
a: no special abilities


You were on level 2 of the Dungeon.
You were not hungry.

You visited 1 branch of the dungeon, and saw 2 of its levels.

You collected 24 gold pieces.

Inventory:

Hand Weapons
 a - a +0 short sword (weapon)
Armour
 b - a +0 leather armour (worn)
Wands
 c - a wand of flame (11)
 d - a wand of enslavement (15)
 e - a wand of random effects (15)
Scrolls
 h - a scroll of blinking {unknown}
 i - a scroll of identify {unknown}
 m - a scroll of teleportation {unknown}
 n - 3 scrolls of enchant weapon {unknown}
 o - a scroll of enchant armour {unknown}
 p - a scroll of remove curse {unknown}
Potions
 g - 2 potions of degeneration
Comestibles
 f - 2 rations


   Skills:
 + Level 1.4 Fighting
 + Level 1.3 Short Blades
 + Level 0.6 Armour
 + Level 2.2 Dodging
 + Level 1.1 Stealth
 + Level 3.7 Evocations


You had 2 spell levels left.
You didn't know any spells.
Your spell library was empty.

Dungeon Overview and Level Annotations

Branches:
Dungeon (2/15)

Altars:


Innate Abilities, Weirdness & Mutations

Your body sometimes deteriorates upon taking damage.
You are dopey. (Int -2)
Your system is resistant to poisons. (rPois)
Your movements are slightly less encumbered by armour. (ER -2)


Message History

It was a potion of stabbing.
You feel ready to backstab.
* * * LOW HITPOINT WARNING * * *
You feel sick.
It was a potion of brilliance.
You feel clever all of a sudden.
* * * LOW HITPOINT WARNING * * *
You feel sick.
It was a potion of mutation.
You feel extremely strange.
You feel yourself wasting away.
You feel stupid.
You feel less encumbered by your armour.
You feel resistant to poisons.
* * * LOW HITPOINT WARNING * * *
You feel sick.
* * * LOW HITPOINT WARNING * * *
You feel sick.
Okay, then.
* * * LOW HITPOINT WARNING * * *
You feel sick.
You die...

..##.######
#............# #######
#Z..8........# #.....##
###...........###...[...
+.......................
#........##......#+#....
+........+..............
#....$...#.......#......
#...@.........#######
#....#...............
#............##......
...........##### ......
..............# ......
..............# ......
.............†# ......
...............# ......
..###................


You could see a quokka zombie (dormant).

Vanquished Creatures
  2 adders (D:2)
  6 goblins (D:1)
  2 hobgoblins
  5 jackals (D:1)
  A frilled lizard (D:1)
  3 kobolds (D:1)
  A rat (D:2)
20 creatures vanquished.

Notes
Turn   | Place    | Note
-------+----------+-------------------------------------------
     0 | D:1      | H0rd4k the Human Artificer began the quest for the Orb.
     0 | D:1      | Reached XP level 1. HP: 15/15 MP: 3/3
   288 | D:1      | Reached XP level 2. HP: 20/21 MP: 4/4
  1021 | D:2      | Reached XP level 3. HP: 23/26 MP: 5/5
  1229 | D:2      | Gained mutation: Your body sometimes deteriorates upon
                  | taking damage. [potion of mutation]
  1229 | D:2      | Gained mutation: You are dopey. (Int -2) [potion of
                  | mutation]
  1229 | D:2      | Gained mutation: Your movements are slightly less
                  | encumbered by armour. (ER -2) [potion of mutation]
  1229 | D:2      | Gained mutation: Your system is resistant to poisons.
                  | (rPois) [potion of mutation]
  1234 | D:2      | HP: 1/26 [poisoned by an adder]
  1237 | D:2      | Succumbed to an adder's poison

Illustrated notes

Levels and vault maps discovered:
D:1:      ncdulo_wetmaze, layout_loops_cross, minmay_misc_feat_five
D:2:      layout_basic, serial_undead, serial_undead_d, serial_undead_a,
          serial_undead_b, serial_undead_c, st_stairs_8, chequers_jeans

Action                   || total
-------------------------++-------
Melee: Short sword       ||    79
Evoke: Wand              ||     4
  Use: Potion            ||     4
 Stab: Sleeping          ||     1
  Eat: Chunk             ||     1
Armor: Leather armour    ||    19
Dodge: Dodged            ||    50
